[Event "Czech Open-Rapid 2022"]
[Site "Pardubice"]
[Date "2022.07.21"]
[Round "7.15"]
[White "Michelle Catherina, P."]
[Black "Krak, Tomas"]
[Result "0-1"]
[ECO "B54"]
[WhiteElo "2141"]
[BlackElo "2312"]
[Annotator "TA"]
[PlyCount "282"]
[EventDate "2022.07.20"]
[EventType "swiss"]
[EventCountry "CZE"]
[SourceTitle "playchess.com"]
[Source "ChessBase"]
[SourceQuality "1"]
[TimeControl "1200+10"]

1. e4 c5 2. Nf3 d6 3. d4 cxd4 4. Nxd4 Nc6 5. c4 g6 6. Nc3 Bg7 7. Be3 Qb6 8. Nb3 Bxc3+ 9. bxc3 Qc7 10. c5 dxc5 11. Nxc5 Nf6 12. f3 b6 13. Nb3 O-O 14. Be2 Ne5 15. Bd4 Be6 (15... Nh5 {seems wilder.} 16. O-O Nf4 17. Qd2 Nxe2+ 18. Qxe2 Nc4) 16. O-O Rac8 17. f4 Nc6 18. Bd3 (18. Qe1 $11) 18... Nxd4 $17 19. cxd4 Bxb3 20. Qxb3 Qc3 21. Qxc3 Rxc3 22. Rad1 Rd8 23. Bb1 (23. e5 $142 Ng4 24. Rf3) 23... Rc4 $1 $17 24. e5 (24. Kf2 $17) 24... Ng4 (24... Nd5 $1 $19 25. Rde1 Nc3) 25. Rfe1 Rdxd4 (25... Rcxd4 26. Bc2 $17) 26. Rxd4 Rxd4 27. h3 Nh6 ({But not} 27... Rxf4 28. hxg4 Rxg4 29. Be4 $14) 28. Be4 (28. g3 $17 {keeps fighting.}) 28... Nf5 $19 29. Kh2 Ng7 30. Re2 Ne6 31. g3 Nc5 32. Bg2 (32. Bc6 $17) 32... h6 33. Rc2 (33. Bc6 $17 {was necessary.}) 33... Kg7 34. h4 (34. Bc6 $17) 34... h5 35. Bf3 (35. Bc6 $17 {was worth a try.}) 35... e6 36. Kg2 (36. Bc6 $17) 36... Kf8 37. Kf2 (37. Bc6 $17) 37... Ke7 38. Bc6 Rd8 39. Bf3 (39. Ke2 $17 {was called for.}) 39... Rd7 (39... Rd3 $19 {Threatens to win with ...Ra3.} 40. Kg2 Ra3) 40. Ke3 (40. Ke2 $17) 40... Rc7 $2 (40... Rd3+ $19 {and Black stays clearly on top.} 41. Ke2 Ra3) 41. Rc3 Kd8 42. Be2 Rd7 43. Ra3 a5 44. Rc3 Kc7 (44... Ke7 $17) 45. Rc1 Rd8 46. Rc2 Rd5 47. Rc1 Rd8 48. Rc2 Kd7 49. Rb2 Rb8 50. Bb5+ Kc7 51. Be2 Rd8 52. Rc2 Kb7 53. Rc1 Ka7 54. Rc2 Rd7 55. Rc1 Na6 56. Rc8 (56. Rd1 $11 Rc7 57. Rd8) 56... Nb4 (56... Nc7 $1 $17) 57. a3 (57. Bb5 $1 $11 {keeps the balance.} Re7 58. Rf8) 57... Nd5+ $17 58. Kf2 Kb7 59. Rf8 (59. Rc1 $15) 59... Kc6 $1 $19 60. a4 Nc3 61. Rc8+ (61. Bf3+ $142 Kc5 62. Rc8+ Kb4 63. Bc6) 61... Rc7 $19 62. Bf3+ Kd7 63. Rf8 Ke7 ({Stronger than} 63... Nxa4 64. Rxf7+ Kd8 65. Rf8+ Ke7 66. Rf6 $11) 64. Rb8 Nxa4 65. Be2 (65. Ke3 $142) 65... Nc3 $19 66. Rxb6 Nxe2 67. Kxe2 Ra7 68. Rb3 a4 69. Ra3 Kd7 70. Kd3 Kc6 71. Kc4 Kb6 72. Kb4 Rd7 73. Kc4 Ka5 74. Kc5 Rd5+ 75. Kc4 Rd8 76. Kc3 Rc8+ 77. Kb2 Kb4 78. Rd3 Rc7 79. Rd4+ Ka5 80. Rd3 Kb5 81. Rd4 Ra7 82. Ka3 Kc5 83. Rd8 $2 (83. Rd2) 83... Kc4 $19 84. Rd1 Kc5 $2 (84... Rb7 $19 85. Rc1+ Kd4 86. Kxa4 Ke4) 85. Rd3 $2 (85. Rd8 $1 $11 {and White has nothing to worry.}) 85... Kc6 (85... Rb7 $142 {[%cal Ob7b3] And now ...Rb3+! would win.} 86. Rc3+ (86. Kxa4 Kc4) 86... Kd4) 86. Rd4 $2 (86. Rd6+ Kc5 87. Rd2) 86... Kb5 $19 87. Rd8 Rc7 88. Rb8+ Kc4 89. Rd8 Rb7 90. Rc8+ Kb5 (90... Kd5 $142 91. Kxa4 Ke4) 91. Rd8 $19 Rc7 $2 (91... Kc6 $1 $19 {aiming for ...Rb3+.} 92. Kxa4 Kc5) 92. Rb8+ $15 Kc4 $2 (92... Kc5 $15 93. Kxa4 Kd4 94. Rd8+ Ke4) 93. Rd8 $1 $19 Ra7 (93... Re7 $142 94. Ra8 Rd7 95. Rc8+ Kd4 96. Kxa4 Rb7) 94. Rd1 $1 $19 Rb7 95. Rc1+ Kd4 96. Kxa4 Ke4 97. Rc3 Kf5 $1 98. Ka5 (98. Ka3 $142 Kg4 99. Ka2) 98... f6 $2 (98... Kg4 $1 $19 {White must now prevent ...Rb1.} 99. Rd3 Rb1) 99. exf6 $11 Kxf6 100. Ka4 $1 e5 101. fxe5+ Kxe5 102. Rc5+ Kf6 103. Rc6+ Kf7 104. Rc5 Kg7 105. Rd5 Rb6 106. Rd7+ Kf6 107. Rd5 $2 (107. Rd4 $11) 107... Re6 $1 $19 108. Rd3 $2 (108. Kb4) 108... Kf5 $19 109. Kb4 Kg4 110. Kc3 $2 (110. Kc4) 110... Rf6 111. Kd2 $2 {[%emt 0:00:09] [#]} (111. Kc4) 111... Re6 $2 ({Black should try} 111... Kh3 $1 $19 112. Ke2 Kg2) 112. Ra3 $2 {[%mdl 8192] [#]} (112. Kc3 $11) 112... Kh3 $1 $19 113. Rb3 Kg2 114. Ra3 Rf6 115. Ke1 Rf1+ 116. Ke2 Rf2+ 117. Ke1 Rf3 118. Ra2+ Kh3 119. Ra4 Rxg3 120. Kf2 Rg4 121. Ra6 Kxh4 122. Kf3 Rg3+ 123. Kf2 g5 124. Ra4+ g4 125. Ra5 Rb3 126. Kg2 Rb2+ 127. Kf1 g3 128. Kg1 Kg4 129. Rc5 h4 130. Rc4+ Kh3 131. Rc1 Re2 132. Kf1 Re4 133. Kg1 Kg4 134. Ra1 h3 135. Rb1 g2 136. Ra1 Re3 137. Kh2 Rf3 138. Ra4+ Rf4 139. Ra3 Rf1 140. Ra4+ Kf5 141. Ra5+ Ke4 0-1

[Event "Czech Open-Rapid 2022"]
[Site "Pardubice"]
[Date "2022.07.21"]
[Round "7.16"]
[White "Bares, Jachym"]
[Black "Jurek, Josef"]
[Result "1/2-1/2"]
[ECO "C10"]
[WhiteElo "2129"]
[BlackElo "2200"]
[Annotator "TA"]
[PlyCount "69"]
[EventDate "2022.07.20"]
[EventType "swiss"]
[EventCountry "CZE"]
[SourceTitle "playchess.com"]
[Source "ChessBase"]
[SourceQuality "1"]
[TimeControl "1200+10"]

1. e4 e6 2. d4 d5 3. Nc3 Nc6 4. exd5 exd5 5. Bf4 Nf6 6. Nb5 {[#] C01: French: Exchange Variation.} Bb4+ $146 ({Predecessor:} 6... Bd6 7. Bxd6 cxd6 8. Qe2+ Be6 9. Nf3 O-O 10. Ng5 h6 11. Nxe6 fxe6 12. Qxe6+ Kh8 13. Qxd6 Qa5+ 14. Nc3 Nxd4 15. O-O-O Ne4 16. Nxe4 Rad8 17. Qe5 dxe4 18. Rxd4 Qe1+ {0-1 (18) Juliatto,F (1232)-Lanznaster,J (1735) Florianopolis 2018}) 7. c3 Ba5 8. Nf3 O-O 9. Be2 {Active counter play!} Ne7 10. O-O Ng6 11. Bg5 c6 12. Na3 h6 13. Be3 Qd6 14. Nc2 Bc7 15. Nce1 Re8 16. Bd3 Ng4 17. Bxg6 fxg6 18. Nd3 Rxe3 ({Worse is} 18... Nxe3 19. fxe3 Rxe3 20. Qd2 $15) ({Not} 18... Nxh2 19. Bf4 Nxf3+ 20. Qxf3 $11) 19. fxe3 Nxe3 (19... Nxh2 $142 20. Rf2 (20. Nfe5 $2 Nxf1 21. Kxf1 Bf5 $19) 20... Qg3) 20. Qe2 $17 Nxf1 21. Qe8+ Kh7 ({Better is} 21... Qf8 $17 22. Qxf8+ Kxf8 23. Rxf1 Kg8) 22. Rxf1 $11 Rb8 (22... Qd8 $15 23. Qf7 Bf5) 23. Ng5+ $1 hxg5 24. Rf8 $1 {The board is on fire.} Qxf8 25. Qxf8 $14 {[#] And now Qe7 would win.} Bf5 26. Qe7 Bxd3 27. Qxc7 {[%mdl 4096] Endgame KQ-KRB} Rf8 28. h3 (28. g4 $1 $14) 28... Rf1+ $11 29. Kh2 Be4 $1 {The position is equal.} 30. Qg3 {Against Rf2} Rc1 {[#] White must now prevent ...Rc2.} 31. Qxg5 Rc2 32. Qh4+ Kg8 33. Qd8+ Kh7 34. Qh4+ Kg8 35. Qd8+ {Weighted Error Value: White=0.07 (flawless) /Black=0.12 (very precise)} 1/2-1/2

[Event "Czech Open-Rapid 2022"]
[Site "Pardubice"]
[Date "2022.07.21"]
[Round "7.17"]
[White "Brejnik, Gustav"]
[Black "Melichar, Vojtech"]
[Result "1-0"]
[ECO "A52"]
[WhiteElo "2292"]
[BlackElo "1907"]
[Annotator "NA RC"]
[PlyCount "89"]
[EventDate "2022.07.20"]
[EventType "swiss"]
[EventCountry "CZE"]
[SourceTitle "playchess.com"]
[Source "ChessBase"]
[SourceQuality "1"]
[TimeControl "1200+10"]

1. d4 Nf6 2. c4 e5 3. dxe5 Ng4 4. Bf4 Nc6 5. Nf3 Bb4+ 6. Nbd2 Qe7 7. e3 Ngxe5 8. Nxe5 Nxe5 9. Be2 a5 10. O-O d6 11. Nb1 O-O 12. a3 Bc5 13. Nc3 c6 14. Qc2 Re8 15. Rad1 Be6 16. Na4 Ng6 17. Bg3 Rad8 18. Nxc5 dxc5 19. Qc3 b6 20. Bf3 Rxd1 21. Rxd1 Rd8 22. Rxd8+ Qxd8 23. h3 Ne7 24. b3 f6 25. Bf4 Qd7 26. Be4 Ng6 27. Bg3 Kf7 28. Qc2 Nf8 29. Qe2 Bf5 30. Bf3 Qd3 31. Qxd3 Bxd3 32. Bxc6 Bc2 33. Bc7 Bxb3 34. Bd5+ Ne6 35. Bxb6 Ke7 36. Bxa5 Kd6 37. Kf1 f5 38. Ke2 f4 39. e4 Nd4+ 40. Kd3 g6 41. Bc3 f3 42. Bxd4 fxg2 43. e5+ Kd7 44. Bxg2 cxd4 45. Kxd4 1-0

[Event "Czech Open-Rapid 2022"]
[Site "Pardubice"]
[Date "2022.07.21"]
[Round "7.18"]
[White "Jares, Michal"]
[Black "Klimakovs, Sergejs"]
[Result "1/2-1/2"]
[ECO "A46"]
[WhiteElo "2208"]
[BlackElo "2266"]
[Annotator "TA"]
[PlyCount "169"]
[EventDate "2022.07.20"]
[EventType "swiss"]
[EventCountry "CZE"]
[SourceTitle "playchess.com"]
[Source "ChessBase"]
[SourceQuality "1"]
[TimeControl "1200+10"]

1. d4 Nf6 2. Nf3 c5 3. g3 cxd4 4. Nxd4 Nc6 5. Bg2 g6 6. O-O Bg7 7. c4 O-O 8. Nc3 Qb6 {[%emt 0:01:41] 8...Qa5 is becoming the main line.} 9. Nxc6 bxc6 10. Qc2 {[%emt 0:00:35] A39: Symmetrical English vs ...g6: 4 Bg2 Bg7 5 Nf3 Nf6 6 0-0 0-0 7 d4.} Rb8 11. Rb1 {[%emt 0:03:18] [#]} Rd8 $146 ({Predecessor:} 11... c5 12. e4 d6 13. Bg5 Bb7 14. Qd2 Rfe8 15. Rfe1 Nd7 16. h4 Ne5 17. b3 Qb4 {0-1 (33) De Oliveira,G (1940)-Esteche,C (1604) Rio Negrinho 2021}) 12. e4 {[%emt 0:01:14] Prevents d5. White has an edge.} Ba6 13. Bf4 Rbc8 14. e5 {[%emt 0:04:38] [#] And now Na4 would win.} Ne8 15. b3 d5 16. exd6 exd6 17. Na4 Qa5 18. Bd2 Qh5 19. Bc3 Bf8 20. Rfe1 Ng7 21. Rbd1 Qf5 {[%emt 0:00:45] [#]} 22. Qxf5 {[%emt 0:00:20] 0x0.001e3a696c8cdp-1022s more active pieces.} Nxf5 (22... gxf5 $16 {is a better defense.} 23. Bf6 Re8 24. Rxe8 Nxe8) 23. Bf6 $18 Re8 24. Nc3 (24. Rxe8 $18 {is the precise move to win.} Rxe8 25. Bxc6) 24... Re6 $16 25. Ne4 d5 26. cxd5 cxd5 27. Rxd5 Bb7 28. Re5 Bxe4 (28... Ra6 $14) 29. Rxe6 Bxg2 30. Re8 Rxe8 (30... Rc6 $1 $14) 31. Rxe8 Bf3 32. h3 ({White should play} 32. Rb8 $16) 32... Ng7 $14 33. Rc8 a6 ({Better is} 33... Ne6 $14) 34. Be7 (34. a4 $16) 34... Ne6 35. Bxf8 Nxf8 36. Rc3 Be4 37. b4 (37. Rc4 $14 Bf3 38. Rc3) 37... Ne6 $11 {[%emt 0:00:31] The position is equal.} 38. f3 Bd5 39. a4 Kf8 40. Kf2 Ke7 41. h4 h5 42. Ke3 Kd6 43. b5 axb5 44. axb5 Bb7 45. g4 Nc7 {[%emt 0:00:17] ...Nd5+ is the strong threat.} 46. Rd3+ Ke6 47. gxh5 gxh5 48. Kf4 f6 49. Re3+ Kf7 {[%emt 0:00:09] ( -> ...Nd5+)} 50. Rb3 Nd5+ 51. Kf5 Ne7+ 52. Kf4 Ke6 53. Ra3 Nd5+ 54. Kg3 Kd6 55. Ra7 Kc7 56. Ra1 Kb6 57. Re1 Kxb5 58. Re8 f5 59. Re5 f4+ 60. Kf2 Kc5 61. Rxh5 Kd6 62. Rh8 Ke6 63. Rh6+ Nf6 64. Rh8 Kf7 65. Rb8 Bd5 66. Rb4 Nh5 67. Rb5 Ke6 68. Rb6+ Kf5 69. Rb5 Nf6 70. Rb8 Bf7 71. Rb5+ Nd5 72. Rb7 Be6 73. Rg7 Kf6 74. Rg5 Ne3 75. Ra5 Nf5 76. Ra4 Nxh4 77. Rxf4+ Kg5 78. Ra4 Nf5 79. Ra6 $1 Bd5 80. Ra5 Bc6 81. Rc5 Bb7 82. Rc7 Bd5 83. Ra7 Bc6 84. Rc7 Bd5 85. Rc5 {[%emt 0:00:04] Weighted Error Value: White=0.12 (very precise) /Black=0.12 (very precise)} 1/2-1/2

[Event "Czech Open-Rapid 2022"]
[Site "Pardubice"]
[Date "2022.07.21"]
[Round "7.19"]
[White "Sarkar, Justin"]
[Black "Pacl, Vaclav"]
[Result "1/2-1/2"]
[ECO "E21"]
[WhiteElo "2346"]
[BlackElo "2036"]
[Annotator "TA"]
[PlyCount "54"]
[EventDate "2022.07.20"]
[EventType "swiss"]
[EventCountry "CZE"]
[SourceTitle "playchess.com"]
[Source "ChessBase"]
[SourceQuality "1"]
[TimeControl "1200+10"]

1. d4 Nf6 2. c4 e6 3. Nf3 b6 4. Nc3 Bb7 5. Bg5 h6 6. Bh4 Be7 7. e3 O-O 8. Bd3 d5 9. Bxf6 Bxf6 10. cxd5 exd5 11. b4 c5 12. bxc5 bxc5 13. Rb1 Bc6 14. O-O Nd7 15. Bb5 Qc7 16. e4 {[%emt 0:02:34] [#] D58: Queen's Gambit Declined: Tartakower Defence.} ({White should try} 16. Qd2 $11) 16... dxe4 $146 ({Predecessor:} 16... cxd4 17. Nxd4 Bxd4 18. Qxd4 dxe4 19. Bxc6 Qxc6 20. Nxe4 Rfe8 21. Nd6 {½-½ (21) Larin,I (2307)-Zolendowski,C (2132) LSS email 2009}) 17. Bxc6 Qxc6 18. d5 {[%emt 0:00:02] Black is slightly better.} Qa6 19. Nxe4 Rfd8 20. Qc2 Be7 21. Rfd1 Bd6 22. Nfd2 Nb6 23. Nxd6 ({But not} 23. Nxc5 Bxc5 24. Qxc5 Rxd5 $17) 23... Rxd6 24. Qxc5 {[%emt 0:00:03] [#]} (24. Ne4 $11 {and White is okay.} Rxd5 25. Nxc5 Rxd1+ 26. Rxd1) 24... Rad8 $2 (24... Rxd5 $19 25. Qe3 Rad8) 25. Ne4 {[%emt 0:01:31] The position is equal.} Rxd5 26. Rxd5 Rxd5 27. Qc2 Qd3 {[%emt 0:00:33] Weighted Error Value: White=0.36/Black=0.24 (precise)} 1/2-1/2

[Event "Czech Open-Rapid 2022"]
[Site "Pardubice"]
[Date "2022.07.21"]
[Round "7.20"]
[White "Malinovsky, Petr"]
[Black "Freisler, Pavel"]
[Result "0-1"]
[ECO "E26"]
[WhiteElo "1959"]
[BlackElo "2256"]
[Annotator "NA RC"]
[PlyCount "88"]
[EventDate "2022.07.20"]
[EventType "swiss"]
[EventCountry "CZE"]
[SourceTitle "playchess.com"]
[Source "ChessBase"]
[SourceQuality "1"]
[TimeControl "1200+10"]

1. d4 Nf6 2. c4 e6 3. Nc3 Bb4 4. a3 Bxc3+ 5. bxc3 c5 6. e3 b6 7. Bd3 Nc6 8. Ne2 O-O 9. O-O Ba6 10. Ng3 d6 11. Bb2 Rc8 12. Rc1 e5 13. f3 Na5 14. Qe2 Qe8 15. Nf5 Rd8 16. e4 Qa4 17. f4 Bxc4 18. fxe5 dxe5 19. Nh6+ Kh8 20. Rxf6 gxf6 21. Nf5 Rg8 22. Rf1 Rg6 23. Ne7 Rdg8 24. Nxg6+ Rxg6 25. dxe5 fxe5 26. Bc1 Kg7 27. Qf3 Qd7 28. Bxc4 Nxc4 29. Rd1 Qg4 30. Qxg4 Rxg4 31. Kf2 Rxe4 32. Kf3 Rh4 33. Kg3 Rh5 34. h4 Rf5 35. Re1 h5 36. Bg5 Nxa3 37. Ra1 Nb5 38. c4 Nd6 39. Rxa7 Ne4+ 40. Kh2 Nxg5 41. hxg5 Rxg5 42. Re7 Kg6 43. Rb7 Rg4 44. Rxb6+ f6 0-1

[Event "Czech Open-Rapid 2022"]
[Site "Pardubice"]
[Date "2022.07.21"]
[Round "7.21"]
[White "Sir, Zbynek"]
[Black "Ret, Adam Josef"]
[Result "1/2-1/2"]
[ECO "B00"]
[WhiteElo "2199"]
[BlackElo "2023"]
[Annotator "NA RC"]
[PlyCount "67"]
[EventDate "2022.07.20"]
[EventType "swiss"]
[EventCountry "CZE"]
[SourceTitle "playchess.com"]
[Source "ChessBase"]
[SourceQuality "1"]
[TimeControl "1200+10"]

1. e4 d6 2. d4 Nf6 3. Bd3 e5 4. c3 Nc6 5. Ne2 g6 6. O-O Bg7 7. Bg5 h6 8. Bh4 g5 9. Bg3 Nh5 10. Bb5 Bd7 11. d5 Ne7 12. Qa4 a6 13. Bxd7+ Qxd7 14. Qxd7+ Kxd7 15. f3 f5 16. Nd2 Nf6 17. c4 b6 18. Bf2 a5 19. b3 h5 20. exf5 Nxf5 21. Ne4 Nh7 22. N2g3 Nxg3 23. Bxg3 Rhg8 24. Be1 Bh6 25. Bd2 Rg6 26. a3 Nf6 27. h3 Rf8 28. Ng3 g4 29. Bxh6 Rxh6 30. fxg4 hxg4 31. hxg4 Rg8 32. Nf5 Rhg6 33. Nh4 Rh6 34. Nf5 1/2-1/2

[Event "Czech Open-Rapid 2022"]
[Site "Pardubice"]
[Date "2022.07.21"]
[Round "7.22"]
[White "Silar, Lubomir"]
[Black "Bouska, Jiri"]
[Result "1/2-1/2"]
[ECO "A49"]
[WhiteElo "1993"]
[BlackElo "2157"]
[Annotator "TA"]
[PlyCount "63"]
[EventDate "2022.07.20"]
[EventType "swiss"]
[EventCountry "CZE"]
[SourceTitle "playchess.com"]
[Source "ChessBase"]
[SourceQuality "1"]
[TimeControl "1200+10"]

1. d4 Nf6 2. Nf3 g6 3. g3 Bg7 4. Bg2 O-O 5. O-O d6 6. Nc3 Nbd7 7. h3 e5 8. e4 exd4 9. Nxd4 ({Much worse is} 9. Qxd4 Re8 10. Qc4 (10. Bg5 h6 $15) 10... Nb6 $15) 9... Nc5 {[%emt 0:00:24] B07: Pirc Defence: Miscellaneous Systems.} 10. Nb3 {[%emt 0:00:35] was the old line (10.Re1).} Nxb3 11. axb3 Bd7 {[%emt 0:00:25] [#] White has an edge.} 12. Kh2 $146 ({Predecessor:} 12. Qd3 Bc6 13. b4 a6 14. f4 Re8 15. Bd2 b5 16. Rae1 Qc8 17. g4 Qb7 18. g5 {½-½ (52) Aseev,K (2530)-Vorotnikov,V (2495) St Petersburg 1997}) 12... Bc6 13. Qd3 Re8 14. b4 a6 15. Re1 d5 16. e5 Ne4 17. f4 Nxc3 18. bxc3 f6 (18... Qe7 $14) 19. b5 $1 $16 axb5 20. Rxa8 Qxa8 21. Bxd5+ Kh8 22. Bxc6 $1 {[%emt 0:01:28] 0x0.001eb844c810dp-1022s more active pieces.} bxc6 23. e6 {[%emt 0:00:02] f5 is the strong threat.} Qd8 $2 {[%emt 0:04:05] [#]} (23... Bf8 $16) 24. Qd7 $1 $18 Kg8 $2 (24... f5 25. Qxc6 Kg8 26. Qxb5 Bf8) 25. Ba3 (25. f5 $142 {Threatens to win with Qf7+.} gxf5 26. Rd1 Qxd7 27. exd7) 25... f5 $2 (25... Bf8) 26. Qxd8 $2 ({White must play} 26. Qf7+ $18 Kh8 {[#]} 27. Rd1 $3 ) 26... Rxd8 {[%emt 0:00:03][%mdl 4096] Endgame KRB-KRB} 27. e7 Re8 28. Re6 Kf7 (28... Bxc3 $11 29. Bc5 Kf7 30. Rxc6 Rc8) 29. Rxc6 $14 Rc8 30. c4 bxc4 31. Rxc4 Bf6 32. Kg2 {[%emt 0:00:55] Weighted Error Value: White=0.56/Black=0.36} 1/2-1/2

[Event "Czech Open-Rapid 2022"]
[Site "Pardubice"]
[Date "2022.07.21"]
[Round "7.23"]
[White "Kotva, Milan"]
[Black "Ibrahim, Emad Eldin"]
[Result "1/2-1/2"]
[ECO "B27"]
[WhiteElo "1833"]
[BlackElo "2028"]
[Annotator "TA"]
[PlyCount "68"]
[EventDate "2022.07.20"]
[EventType "swiss"]
[EventCountry "CZE"]
[SourceTitle "playchess.com"]
[Source "ChessBase"]
[SourceQuality "1"]
[TimeControl "1200+10"]

1. e4 c5 2. Nf3 g6 3. Bc4 Bg7 4. d3 Nc6 5. c3 d6 6. O-O Nf6 7. h3 O-O 8. a3 {[%emt 0:00:10] B50: Sicilian: 2...d6, Miscellaneous.} Rb8 9. Be3 b5 10. Ba2 {[%emt 0:00:02] [#] The position is equal.} b4 $146 (10... a5 $11) ({Predecessor:} 10... a5 11. Qc2 Ba6 12. Nbd2 b4 13. axb4 cxb4 14. Bd5 Nxd5 15. exd5 Ne5 16. Nxe5 Bxe5 {½-½ (48) Lata,S (1460)-Eggink,M (2002) Warsaw 2011}) 11. Nbd2 ({Better is} 11. axb4 $14 cxb4 12. Nbd2) 11... bxc3 12. bxc3 Ba6 13. Nc4 (13. Bc4 $11 {keeps the balance.} Qa5 14. Qc2) 13... Bxc4 (13... d5 $17 14. exd5 Nxd5 15. Bxc5 Nxc3) 14. Bxc4 $11 Qa5 {[%emt 0:00:01] Inhibits Qa4.} 15. Qc2 Nd7 16. Rfc1 Nde5 17. Nxe5 Nxe5 18. Ba2 Rfc8 19. f4 Nd7 20. Bd2 Nb6 (20... Rc7 $5 ) 21. Qd1 Na4 22. Qe1 (22. f5 $11 {remains equal.}) 22... Rb2 $17 23. e5 dxe5 24. fxe5 c4 25. d4 {[%emt 0:00:12] [#]} (25. Bxc4 $17 Qxe5 26. Qxe5 Bxe5 27. Ra2) 25... Qd5 $2 (25... Bxe5 $1 $19 {[%mdl 512] aiming for ...Bf6.} 26. dxe5 Qd5) 26. Bb1 $2 {[%emt 0:00:44][%mdl 8192] [#]} (26. Rcb1 $1 $11) 26... Nc5 $2 ({Black should play} 26... Nxc3 $1 $19 27. Kh1 {[#]} Bxe5 $1 28. Rxc3 Qxd4) 27. Ra2 $2 ({White should try} 27. Rc2 $15 Nd3 28. Qf1) 27... Rxa2 $19 28. Bxa2 Nd3 $40 {[%emt 0:00:01][%csl LRc1,LRe1][%mdl 128] Black attacks with force.} 29. Qh4 (29. Qe2 $142 Nxc1 30. Bxc1) 29... Nxc1 30. Bxc1 Bxe5 31. dxe5 $2 (31. Qxe7 Bd6 32. Qe2) 31... Qd1+ {[%emt 0:00:02] Black is clearly winning.} 32. Kh2 Qxc1 33. Qd4 Qxa3 34. Bxc4 Qc5 {[%mdl 32768] Weighted Error Value: White=1.04/Black=0.53. An unexpected result.} 1/2-1/2

[Event "Czech Open-Rapid 2022"]
[Site "Pardubice"]
[Date "2022.07.21"]
[Round "7.24"]
[White "Postl, Petr"]
[Black "Dosedel, Jiri"]
[Result "0-1"]
[ECO "B09"]
[WhiteElo "1900"]
[BlackElo "2008"]
[Annotator "TA"]
[PlyCount "126"]
[EventDate "2022.07.20"]
[EventType "swiss"]
[EventCountry "CZE"]
[SourceTitle "playchess.com"]
[Source "ChessBase"]
[SourceQuality "1"]
[TimeControl "1200+10"]

1. e4 d6 2. d4 Nf6 3. Nc3 g6 4. f4 c6 5. Nf3 Bg7 6. Be3 O-O 7. Qd2 b5 {[%emt 0:00:25][%cal Bb7b5,Bb5b4][%mdl 32] B09: Pirc Defence: Austrian Attack.} 8. e5 Ng4 9. Bg1 {[%emt 0:00:13] [#]} b4 $146 {[%emt 0:00:43] White is slightly better.} ({Predecessor:} 9... dxe5 10. h3 exd4 11. O-O-O Qa5 12. Nxd4 b4 13. Nb1 e5 14. hxg4 exd4 15. Bxd4 Bxg4 16. Bxg7 Kxg7 {½-½ (48) Fisher,C (1815)-Smith,D (1916) Hull 2018}) 10. Ne4 c5 11. h3 (11. dxc5 dxe5 12. h3 (12. Qxb4 exf4 13. Bb5 Qd5 $17) 12... Nf6 13. Nxf6+ (13. Qxb4 exf4 14. Bd3 Nd5 $15) 13... exf6 $11) 11... Bb7 $2 (11... Nh6 $1 $11) 12. Neg5 $2 (12. dxc5 Nxe5 13. Nfg5 (13. fxe5 Bxe4 14. Ng5 d5 $11) (13. cxd6 Nxf3+ 14. gxf3 Bxe4 $17) 13... d5 14. Qxb4 (14. fxe5 dxe4 15. Qxb4 Qc7 $15) 14... Qc7 $11) ({White must play} 12. hxg4 $18 {Hoping for Neg5.} Bxe4 13. Ng5 (13. dxc5 dxe5 14. Qxb4 Bxf3 $14)) 12... Nh6 $1 $11 13. Bc4 d5 (13... cxd4 $15 14. Qxb4 Qc7 15. Bxd4 Nc6) 14. Bd3 c4 15. Be2 $36 {[%emt 0:00:16][%mdl 2048] White is more active.} ({Reject} 15. Qxb4 Bc8 16. Be2 f6 $17) 15... a5 16. h4 Bc8 17. h5 f6 {[%emt 0:00:43] [#]} 18. Nh3 ({White should try} 18. hxg6 $1 $11 hxg6 (18... fxg5 19. gxh7+) 19. Nh3 (19. exf6 $2 exf6 20. Nh3 Nf5 $17)) 18... Kf7 ({Better is} 18... gxh5 $15 19. Nf2 Qe8) 19. hxg6+ hxg6 20. Nh4 Nf5 (20... Rh8 $14) 21. Nxf5 $16 Bxf5 22. g4 Be4 23. Rh2 Rh8 24. O-O-O (24. Qe3 $16) 24... Qb6 $2 (24... b3 $11 25. axb3 cxb3) 25. Nf2 $18 Rxh2 ({Black should play} 25... c3 $18 26. bxc3 bxc3 27. Qxc3 Rxh2 28. Bxh2 f5 29. Nxe4 fxe4) 26. Bxh2 $16 f5 (26... c3 $16 {was called for.} 27. bxc3 bxc3 28. Qxc3 f5 29. Nxe4 fxe4) 27. Nxe4 $18 fxe4 28. f5 gxf5 $2 (28... Kg8 29. Qg5 b3) 29. gxf5 {[%emt 0:00:03] Black must now prevent e6+.} Qh6 30. Bf4 Qh4 31. Qe3 Nc6 32. Bg5 Qh2 33. Rf1 $2 (33. f6 $18) 33... Rh8 $1 $14 {[%emt 0:00:13][%cal Ba8h8,Bh8h6,Bh6h1][%mdl 32] [#]} 34. f6 (34. Bxc4 $1 $14 dxc4 35. Qxe4 Nxe5 36. Kb1 (36. dxe5 Qxe5 37. Qxc4+ Kf8 $14)) 34... Bh6 $2 (34... exf6 $11 35. Bxf6 (35. exf6 Bh6 $11) 35... Bh6 $1 36. Bg5+ (36. Bxh8+ $2 {perishes.} Kg8 $19) 36... Ke8) 35. fxe7+ $1 $18 Ke8 {[%emt 0:00:02][%cal Oc6d4] [#] And now ...Nxd4! would win.} 36. Bxh6 $2 (36. Rf6 $1 $18 Bxg5 37. Qxg5 Nxe7 38. Re6) 36... Qxh6 $11 {[%emt 0:00:04] Chess con chili.} 37. Qxh6 Rxh6 $18 {[%emt 0:00:01][%mdl 4096] Endgame KRB-KRN} 38. Rf6 $2 {[%emt 0:00:04][%mdl 8192] White is now going downhill.} (38. c3 $11 {and White is okay.}) 38... Rh1+ $19 39. Kd2 Nxd4 40. Rf2 {[%emt 0:00:55] Inhibits Rh2.} (40. Bg4 $142 Rh4 41. Rg6) 40... Kxe7 {[%emt 0:00:22] aiming for ...Rh3.} 41. Bg4 Rh4 42. Bc8 Nf3+ 43. Ke3 Nxe5 $2 (43... d4+ 44. Ke2 Nxe5) 44. Rg2 $2 (44. Kd4 Rh5 45. Bb7 Nf3+ 46. Kc5) 44... Kd6 45. Rg3 Kc5 {[%emt 0:00:03] Threatens to win with ...d4+.} 46. c3 {[%emt 0:00:00] Against d4+} Rh2 47. cxb4+ axb4 48. Rg5 Kd6 49. a4 bxa3 50. bxa3 Ra2 (50... c3 $142 51. Rf5 c2 52. Rf1 Nc4+ 53. Kf4 {[#]} Rf2+ $3 54. Rxf2 c1=Q+ 55. Kf5 e3 56. Rh2 Qf1+ 57. Kg4 Ne5+ 58. Kh5 e2 59. Rxe2 Qxe2+ 60. Kg5 Qc4 61. Bh3 Ke7 62. Be6 Kxe6 63. Kh6 Qg4 64. Kh7 Qg6+ 65. Kh8 Nf7#) 51. Kf4 Nd3+ 52. Ke3 Rxa3 (52... c3 $142 53. Rg6+ Kc7 54. Bf5 c2 55. Rg1 c1=Q+ 56. Rxc1+ Nxc1 57. a4 Kd6 58. Bxe4 Re2+ 59. Kd4 dxe4 60. a5 Nb3+ 61. Kc3 Nxa5 62. Kd4 Nc6+ 63. Kc4 Rc2+ 64. Kb5 Nd4+ 65. Kb6 Rc7 66. Ka5 Kc5 67. Ka6 e3 68. Ka5 Ra7#) 53. Rg7 Ne5+ {[%emt 0:00:05] Black mates.} 54. Ke2 d4 55. Rh7 Ra2+ 56. Kd1 d3 57. Rh6+ Kc5 58. Re6 Kd4 59. Rd6+ Kc3 60. Ke1 d2+ 61. Ke2 Nd3 62. Bg4 Ra1 63. Rc6 d1=Q+ {[%emt 0:00:06] Weighted Error Value: White=1.46/Black=0.67} (63... Re1# $142) 0-1